 Dungeon Crawl Stone Soup version 0.29.1-15-g9cfb28693d (webtiles) character file.

Game seed: 12405378007964886598

50 Jekkad the Ruffian (level 3, 0/36 HPs)
             Began as a Troll Monk on Apr 25, 2023.
             Killed from afar by a white imp (10 damage)
             ... with a puff of frost
             ... summoned by Eustachio
             ... on level 4 of the Dungeon.
             The game lasted 00:02:16 (397 turns).

Jekkad the Ruffian (Troll Monk)                      Turns: 397, Time: 00:02:16

Health: 0/36       AC:  4    Str: 19    XL:     3   Next: 55%
Magic:  2/2        EV: 10    Int:  8    God:
Gold:   49         SH:  0    Dex: 12    Spells: 2/2 levels left

rFire   + . .      SeeInvis .     - Unarmed
rCold   x . .      Faith    .   (no shield)
rNeg    . . .      Spirit   .   a - +0 robe
rPois   .          Reflect  .   (helmet restricted)
rElec   .          Harm     .   (no cloak)
rCorr   .          Rampage  .   (gloves unavailable)
Will    +....                   (boots unavailable)
Stlth   ++........              (no amulet)
HPRegen 0.92/turn               d - ring of fire
MPRegen 0.08/turn               i - ring of willpower

@: lethally poisoned (0 -> -3), attractive
A: large, unfitting armour, claws 3, regeneration 1, shaggy fur 1, tough skin 1
a: no special abilities


You were on level 4 of the Dungeon.
You visited 1 branch of the dungeon, and saw 4 of its levels.

You collected 49 gold pieces.

Inventory:

Missiles
 k - 2 boomerangs (quivered)
Armour
 a - a +0 robe (worn)
Jewellery
 d - a ring of fire (left claw)
 i - a ring of willpower (right claw)
Wands
 h - a wand of polymorph (8)
 j - a wand of paralysis (5)
Scrolls
 g - a scroll of fog
 l - a scroll of identify {unknown}
Potions
 b - a potion of ambrosia
 f - a potion of curing {unknown}


   Skills:
 * Level 2.6 Fighting
 * Level 0.2 Armour
 * Level 2.8 Dodging
 * Level 1.1 Stealth
 * Level 3.5 Unarmed Combat
 * Level 0.2 Spellcasting
 * Level 0.2 Evocations


You had 2 spell levels left.
You didn't know any spells.
Your spell library was empty.

Dungeon Overview and Level Annotations

Branches:
Dungeon (4/15)
 Temple: D:4-7

Altars:

Annotations:
D:4 Eustachio


Innate Abilities, Weirdness & Mutations

You are too large for most types of armour.
You have claws for hands.
Your natural rate of healing is unusually fast.
You are covered in fur. (AC +1)
You have tough skin. (AC +1)


Message History

Press: ? - help, Shift-Dir - straight line, f - Eustachio
Aim: Eustachio, wielding a +2 rapier of venom and wearing a +0 leather armour (lightly wounded, chance to affect: 49%) Eustachio resists with some effort.
You feel very sick.
Eustachio hits you with a +2 rapier of venom.
You are lethally poisoned!
It was a potion of attraction.
You feel attractive to monsters.
You feel very sick.
Eustachio gestures wildly while chanting.
It was a potion of heal wounds.
You feel much better.
You feel very sick. Eustachio completely misses you.
The quokka twitches its whiskers.
You closely miss Eustachio.
Eustachio is lightly wounded.
You feel very sick.
Eustachio hits you with a +2 rapier of venom.
You are more poisoned.
You barely miss Eustachio.
Eustachio is lightly wounded.
You feel very sick.
Eustachio mumbles some strange words.
You scratch Eustachio.
Eustachio is moderately wounded.
You feel very sick. Eustachio hits you but does no damage.
The white imp closely misses you.
You miss Eustachio.
Eustachio is moderately wounded.
You feel very sick.
Eustachio mumbles some strange words.
Eustachio blinks!
The quokka is attracted toward you.
The crimson imp is attracted toward you.
Something is attracted toward you.
Unknown command.
Unknown command.
You feel very sick. The white imp gestures at you. The puff of frost hits you!
You feel a terrible chill!
You die...

##########
@...5§5r5#
########@# #.#
#.# #.# #.#
############ #.#
#.........<# #.#
#.##########
#.####.........#
#..........###§#


You could see a crimson imp (summoned), a white imp (summoned) and a quokka
(summoned).

Vanquished Creatures
  Robin (D:3)
  An adder (D:3)
  An orc (D:3)
  A ball python (D:1)
  An endoplasm (D:1)
  3 giant cockroaches
  11 goblins (D:3)
  2 hobgoblins (D:3)
  2 kobolds
  2 rats (D:1)
25 creatures vanquished.

Notes
Turn   | Place    | Note
-------+----------+-------------------------------------------
     0 | D:1      | Jekkad the Troll Monk began the quest for the Orb.
     0 | D:1      | Reached XP level 1. HP: 22/22 MP: 0/0
   120 | D:1      | Reached XP level 2. HP: 29/29 MP: 1/1
   238 | D:3      | Reached XP level 3. HP: 36/36 MP: 2/2
   274 | D:3      | Noticed Robin
   293 | D:3      | Killed Robin
   384 | D:4      | Noticed Eustachio
   397 | D:4      | Killed from afar by a white imp

Illustrated notes

Levels and vault maps discovered:
D:1:      shiori_arrival_whats_in_store_for_you, layout_rooms,
          minmay_heptomino_o4
D:2:      minmay_alternating_diamond, layout_basic, serial_glass,
          glass_columns_b, glass_columns_b, glass_columns_b, glass_columns_c,
          glass_columns_a, glass_columns_b, glass_columns_b, glass_columns_b,
          kennysheep_generic_room_4, uniq_natasha
D:3:      layout_rooms, amethyst_overflow_temple_binary, uniq_robin,
          uniq_crazy_yiuf_cottage, uniq_terence
D:4:      layout_basic, kennysheep_mini_moat, kennysheep_generic_room_9,
          uniq_sigmund, uniq_duvessa, uniq_eustachio, uniq_pikel

Action                   || total
-------------------------++-------
Melee: Unarmed           ||    55
Evoke: Wand              ||     1
  Use: Scroll            ||     3
       Potion            ||     2
Armor: Robe              ||    22
Dodge: Dodged            ||    39
